[ PARTIDA AOE2 · #505600113 ]
UnrankedHunos vs Portuguese
Equipo del jugador · DERR
[ ANÁLISIS DE REPETICIÓN · EXTRAÍDO DE LA PARTIDA GRABADA ]
Feudal
9:24
Castillos
23:10
Imperial
—
| APM promedio | 46.7 |
| APM pico | 73 |
| eAPM promedio | 17.7 |
| Aldeanos / militares | 36 / 5 |
Foco
⚔️ 28.3% · 🌾 71.7%
Scout Cavalry ×4 · Knight ×1
Feudal
10:28
Castillos
14:44
Imperial
—
| APM promedio | 55.1 |
| APM pico | 102 |
| eAPM promedio | 22.5 |
| Aldeanos / militares | 36 / 21 |
Foco
⚔️ 56.7% · 🌾 43.3%
Organ Gun ×18 · Battering Ram ×3
Mapa de la partida
Recursos iniciales + cada clic de construcción. Líneas = muros · curvas = relieve. ◆ oro · ⬟ piedra · ● bayas · ✦ reliquia · ◌ hueco del cierre
Tu base· ✓ Cerrada en 23:10 · 103t muro · sin puerta
Base de Wyodaniel· Abierta — el rival se encerró
Terreno inicial suavizado · ◌ = hueco del cierre detectado · pasá el cursor para detalles
Inputs por minuto
— baoquanghuy1605 - - Wyodaniel
Build order — baoquanghuy1605
138 acciones detectadas en el replay
| 0:02 | Encolar | Villager (Male) |
| 0:02 | Encolar | Villager (Male) |
| 0:02 | Encolar | Villager (Male) |
| 0:08 | Encolar | Villager (Male) |
| 0:08 | Encolar | Villager (Male) |
| 1:18 | Encolar | Villager (Male) |
| 1:57 | Encolar | Villager (Male) |
| 1:58 | Encolar | Villager (Male) |
| 2:09 | Encolar | Villager (Male) |
| 2:20 | Construir | Lumber Camp |
| 2:51 | Encolar | Villager (Male) |
| 3:13 | Encolar | Villager (Male) |
| 3:14 | Encolar | Villager (Male) |
| 4:02 | Encolar | Villager (Male) |
| 4:27 | Encolar | Villager (Male) |
| 4:35 | Construir | Mill |
| 4:58 | Encolar | Villager (Male) |
| 5:21 | Encolar | Villager (Male) |
| 5:42 | Encolar | Villager (Male) |
| 6:09 | Encolar | Villager (Male) |
| 6:30 | Construir | Palisade Wall |
| 6:32 | Construir | Palisade Wall |
| 6:42 | Investigar | Loom |
| 6:50 | Construir | Palisade Wall |
| 6:50 | Construir | Palisade Wall |
| 7:14 | Investigar | Feudal Age |
| 7:15 | Investigar | Feudal Age |
| 7:41 | Construir | Barracks |
| 7:54 | Construir | Palisade Wall |
| 7:56 | Construir | Palisade Wall |
| 7:56 | Construir | Palisade Wall |
| 8:52 | Construir | Farm |
| 9:24 | Edad | Edad Feudal |
| 9:26 | Construir | Stable |
| 9:27 | Encolar | Villager (Male) |
| 9:32 | Investigar | Double-Bit Axe |
| 9:32 | Investigar | Double-Bit Axe |
| 9:34 | Investigar | Horse Collar |
| 9:35 | Investigar | Horse Collar |
| 9:43 | Construir | Palisade Wall |
| 9:44 | Construir | Palisade Wall |
| 9:51 | Encolar | Villager (Male) |
| 9:53 | Construir | Farm |
| 10:09 | Encolar | Villager (Male) |
| 10:27 | Construir | Mining Camp |
| 10:36 | Construir | Palisade Wall |
| 10:38 | Construir | Palisade Wall |
| 10:38 | Construir | Palisade Wall |
| 10:50 | Construir | Watch Tower |
| 10:52 | Encolar | Scout Cavalry |
| 11:17 | Encolar | Villager (Male) |
| 11:31 | Construir | Farm |
| 11:43 | Construir | Palisade Wall |
| 11:44 | Construir | Palisade Wall |
| 11:45 | Construir | Palisade Wall |
| 11:51 | Encolar | Villager (Male) |
| 11:53 | Construir | Farm |
| 12:19 | Encolar | Villager (Male) |
| 12:20 | Construir | Farm |
| 12:54 | Construir | Palisade Wall |
| 12:55 | Construir | Palisade Wall |
| 13:01 | Encolar | Villager (Male) |
| 13:04 | Construir | Farm |
| 13:13 | Construir | Palisade Wall |
| 13:29 | Construir | Stone Wall |
| 13:29 | Construir | Stone Wall |
| 13:52 | Encolar | Villager (Male) |
| 13:58 | Construir | Stone Wall |
| 13:59 | Construir | Stone Wall |
| 14:00 | Construir | Stone Wall |
| 14:01 | Construir | Stone Wall |
| 14:02 | Construir | Stone Wall |
| 14:06 | Construir | Stone Wall |
| 14:06 | Construir | Stone Wall |
| 14:07 | Encolar | Villager (Male) |
| 14:11 | Construir | Watch Tower |
| 14:13 | Encolar | Scout Cavalry |
| 14:14 | Encolar | Scout Cavalry |
| 14:19 | Construir | Farm |
| 14:21 | Construir | Farm |
| 14:28 | Construir | Palisade Wall |
| 14:32 | Construir | Palisade Wall |
| 14:33 | Construir | Palisade Wall |
| 14:43 | Construir | Stone Wall |
| 14:45 | Construir | Stone Wall |
| 14:46 | Construir | Stone Wall |
| 14:47 | Construir | Stone Wall |
| 14:48 | Construir | Stone Wall |
| 14:55 | Construir | Farm |
| 14:56 | Encolar | Villager (Male) |
| 15:00 | Construir | Watch Tower |
| 15:05 | Encolar | Scout Cavalry |
| 15:32 | Encolar | Villager (Male) |
| 15:37 | Construir | Mining Camp |
| 15:44 | Construir | Stone Wall |
| 15:45 | Construir | Stone Wall |
| 15:47 | Construir | Stone Wall |
| 15:48 | Construir | Stone Wall |
| 16:02 | Construir | Palisade Wall |
| 16:05 | Encolar | Villager (Male) |
| 16:26 | Construir | Stone Wall |
| 17:01 | Investigar | Wheelbarrow |
| 17:01 | Investigar | Wheelbarrow |
| 17:02 | Investigar | Wheelbarrow |
| 17:08 | Construir | Market |
| 17:16 | Construir | Watch Tower |
| 17:29 | Construir | Lumber Camp |
| 17:59 | Investigar | Town Watch |
| 18:11 | Construir | Watch Tower |
| 18:23 | Construir | Palisade Wall |
| 18:24 | Construir | Palisade Wall |
| 18:25 | Construir | Palisade Wall |
| 18:25 | Construir | Palisade Wall |
| 18:30 | Encolar | Villager (Male) |
| 18:53 | Construir | Watch Tower |
| 19:08 | Encolar | Villager (Male) |
| 19:47 | Encolar | Villager (Male) |
| 20:07 | Encolar | Villager (Male) |
| 20:10 | Construir | Watch Tower |
| 20:30 | Investigar | Castle Age |
| 20:30 | Investigar | Castle Age |
| 20:30 | Investigar | Castle Age |
| 20:49 | Construir | Blacksmith |
| 21:44 | Construir | Lumber Camp |
| 22:14 | Investigar | Fletching |
| 22:14 | Investigar | Fletching |
| 22:14 | Investigar | Fletching |
| 23:02 | Construir | Watch Tower |
| 23:10 | Edad | Edad de los Castillos |
| 23:13 | Investigar | Bodkin Arrow |
| 23:13 | Investigar | Bodkin Arrow |
| 23:14 | Encolar | Villager (Male) |
| 23:15 | Encolar | Knight |
| 23:20 | Construir | Stone Wall |
| 23:22 | Construir | Stone Wall |
| 23:28 | Construir | Stone Wall |
| 23:29 | Construir | Stone Wall |
| 23:33 | Encolar | Villager (Male) |
Build order — Wyodaniel
100 acciones detectadas en el replay
| 0:00 | Encolar | Villager (Male) |
| 0:00 | Encolar | Villager (Male) |
| 0:01 | Encolar | Villager (Male) |
| 0:02 | Construir | House |
| 0:02 | Construir | House |
| 0:13 | Encolar | Villager (Male) |
| 1:11 | Encolar | Villager (Male) |
| 1:51 | Encolar | Villager (Male) |
| 2:12 | Encolar | Villager (Male) |
| 2:44 | Encolar | Villager (Male) |
| 2:59 | Construir | Lumber Camp |
| 3:11 | Encolar | Villager (Male) |
| 3:14 | Encolar | Villager (Male) |
| 3:37 | Construir | House |
| 3:38 | Construir | Palisade Wall |
| 3:48 | Encolar | Villager (Male) |
| 4:14 | Encolar | Villager (Male) |
| 4:37 | Construir | Palisade Wall |
| 4:52 | Construir | Mill |
| 5:01 | Encolar | Villager (Male) |
| 5:02 | Encolar | Villager (Male) |
| 5:02 | Encolar | Villager (Male) |
| 5:24 | Construir | House |
| 5:26 | Construir | Palisade Wall |
| 5:32 | Encolar | Villager (Male) |
| 5:33 | Encolar | Villager (Male) |
| 5:33 | Encolar | Villager (Male) |
| 5:33 | Encolar | Villager (Male) |
| 6:17 | Construir | Mining Camp |
| 6:29 | Encolar | Villager (Male) |
| 6:30 | Investigar | Loom |
| 7:24 | Construir | Palisade Wall |
| 7:25 | Construir | Palisade Wall |
| 7:28 | Construir | Palisade Wall |
| 7:29 | Construir | Palisade Wall |
| 7:31 | Construir | Palisade Wall |
| 7:33 | Construir | Palisade Wall |
| 7:38 | Construir | Palisade Wall |
| 7:40 | Construir | Palisade Wall |
| 8:18 | Investigar | Feudal Age |
| 10:28 | Edad | Edad Feudal |
| 10:32 | Construir | Market |
| 10:36 | Construir | Blacksmith |
| 12:04 | Investigar | Castle Age |
| 12:32 | Construir | Palisade Wall |
| 13:27 | Construir | Palisade Wall |
| 13:28 | Construir | Palisade Wall |
| 14:44 | Edad | Edad de los Castillos |
| 14:48 | Construir | Castle |
| 14:51 | Investigar | Town Watch |
| 14:52 | Encolar | Villager (Male) |
| 15:47 | Construir | Mining Camp |
| 15:55 | Encolar | Organ Gun |
| 15:56 | Encolar | Villager (Male) |
| 15:58 | Construir | Lumber Camp |
| 16:01 | Encolar | Organ Gun |
| 16:13 | Encolar | Villager (Male) |
| 16:13 | Encolar | Villager (Male) |
| 16:33 | Construir | Palisade Wall |
| 16:52 | Encolar | Organ Gun |
| 16:57 | Construir | Outpost |
| 17:05 | Encolar | Villager (Male) |
| 17:06 | Encolar | Villager (Male) |
| 17:22 | Encolar | Organ Gun |
| 17:24 | Encolar | Villager (Male) |
| 17:27 | Construir | Farm |
| 17:50 | Encolar | Organ Gun |
| 17:56 | Encolar | Organ Gun |
| 17:56 | Encolar | Villager (Male) |
| 18:15 | Encolar | Organ Gun |
| 19:17 | Construir | Farm |
| 19:43 | Encolar | Organ Gun |
| 19:45 | Encolar | Villager (Male) |
| 19:45 | Encolar | Villager (Male) |
| 20:00 | Construir | Siege Workshop |
| 20:08 | Encolar | Organ Gun |
| 20:19 | Construir | Outpost |
| 20:45 | Encolar | Battering Ram |
| 20:52 | Encolar | Organ Gun |
| 20:52 | Encolar | Villager (Male) |
| 20:56 | Construir | Farm |
| 21:26 | Encolar | Organ Gun |
| 21:42 | Encolar | Organ Gun |
| 21:51 | Encolar | Battering Ram |
| 21:54 | Construir | House |
| 22:12 | Encolar | Organ Gun |
| 22:13 | Encolar | Villager (Male) |
| 22:39 | Construir | House |
| 22:43 | Construir | Farm |
| 23:04 | Encolar | Battering Ram |
| 23:15 | Encolar | Villager (Male) |
| 23:27 | Construir | Farm |
| 23:29 | Encolar | Organ Gun |
| 23:53 | Encolar | Organ Gun |
| 23:56 | Encolar | Villager (Male) |
| 24:23 | Encolar | Organ Gun |
| 24:24 | Encolar | Villager (Male) |
| 24:57 | Encolar | Organ Gun |
| 24:58 | Encolar | Villager (Male) |
| 25:10 | Encolar | Organ Gun |
Cronología de la partida
| 3:38 | Wyodaniel · wall_segment Palisade Wall x4 |
| 4:37 | Wyodaniel · wall_segment Palisade Wall x5 |
| 5:26 | Wyodaniel · wall_segment Palisade Wall x3 |
| 6:30 | baoquanghuy1605 · wall_segment Palisade Wall x3 |
| 6:32 | baoquanghuy1605 · wall_segment Palisade Wall x4 |
| 6:50 | baoquanghuy1605 · wall_segment Palisade Wall x12 |
| 6:50 | baoquanghuy1605 · wall_segment Palisade Wall x1 |
| 7:24 | Wyodaniel · wall_segment Palisade Wall x1 |
| 7:25 | Wyodaniel · wall_segment Palisade Wall x1 |
| 7:28 | Wyodaniel · wall_segment Palisade Wall x1 |
| 7:29 | Wyodaniel · wall_segment Palisade Wall x1 |
| 7:31 | Wyodaniel · wall_segment Palisade Wall x1 |
| 7:33 | Wyodaniel · wall_segment Palisade Wall x2 |
| 7:38 | Wyodaniel · wall_segment Palisade Wall x1 |
| 7:40 | Wyodaniel · wall_segment Palisade Wall x1 |
| 7:41 | baoquanghuy1605 · first_building Barracks |
| 7:54 | baoquanghuy1605 · wall_segment Palisade Wall x5 |
| 7:56 | baoquanghuy1605 · wall_segment Palisade Wall x8 |
| 7:56 | baoquanghuy1605 · wall_segment Palisade Wall x1 |
| 9:24 | baoquanghuy1605 · age_up feudal |
| 9:26 | baoquanghuy1605 · first_building Stable |
| 9:43 | baoquanghuy1605 · wall_segment Palisade Wall x5 |
| 9:44 | baoquanghuy1605 · wall_segment Palisade Wall x1 |
| 10:28 | Wyodaniel · age_up feudal |
| 10:36 | baoquanghuy1605 · wall_segment Palisade Wall x15 |
| 10:38 | baoquanghuy1605 · wall_segment Palisade Wall x5 |
| 10:38 | baoquanghuy1605 · wall_segment Palisade Wall x1 |
| 11:33 | Wyodaniel · first_market_sell 100 stone |
| 11:43 | baoquanghuy1605 · wall_segment Palisade Wall x1 |
| 11:44 | baoquanghuy1605 · wall_segment Palisade Wall x1 |
| 11:45 | baoquanghuy1605 · wall_segment Palisade Wall x1 |
| 12:32 | Wyodaniel · wall_segment Palisade Wall x1 |
| 12:54 | baoquanghuy1605 · wall_segment Palisade Wall x1 |
| 12:55 | baoquanghuy1605 · wall_segment Palisade Wall x1 |
| 13:13 | baoquanghuy1605 · wall_segment Palisade Wall x1 |
| 13:27 | Wyodaniel · wall_segment Palisade Wall x1 |
| 13:28 | Wyodaniel · wall_segment Palisade Wall x1 |
| 13:29 | baoquanghuy1605 · wall_segment Stone Wall x3 |
| 13:29 | baoquanghuy1605 · wall_segment Stone Wall x1 |
| 13:58 | baoquanghuy1605 · wall_segment Stone Wall x3 |
| 13:59 | baoquanghuy1605 · wall_segment Stone Wall x3 |
| 14:00 | baoquanghuy1605 · wall_segment Stone Wall x2 |
| 14:01 | baoquanghuy1605 · wall_segment Stone Wall x3 |
| 14:02 | baoquanghuy1605 · wall_segment Stone Wall x1 |
| 14:06 | baoquanghuy1605 · wall_segment Stone Wall x3 |
| 14:06 | baoquanghuy1605 · wall_segment Stone Wall x1 |
| 14:28 | baoquanghuy1605 · wall_segment Palisade Wall x1 |
| 14:32 | baoquanghuy1605 · wall_segment Palisade Wall x1 |
| 14:33 | baoquanghuy1605 · wall_segment Palisade Wall x1 |
| 14:43 | baoquanghuy1605 · wall_segment Stone Wall x1 |
| 14:44 | Wyodaniel · age_up castle |
| 14:45 | baoquanghuy1605 · wall_segment Stone Wall x3 |
| 14:46 | baoquanghuy1605 · wall_segment Stone Wall x2 |
| 14:47 | baoquanghuy1605 · wall_segment Stone Wall x2 |
| 14:48 | Wyodaniel · first_building Castle |
| 14:48 | baoquanghuy1605 · wall_segment Stone Wall x1 |
| 15:44 | baoquanghuy1605 · wall_segment Stone Wall x3 |
| 15:45 | baoquanghuy1605 · wall_segment Stone Wall x3 |
| 15:47 | baoquanghuy1605 · wall_segment Stone Wall x3 |
| 15:48 | baoquanghuy1605 · wall_segment Stone Wall x1 |
| 16:02 | baoquanghuy1605 · wall_segment Palisade Wall x1 |
| 16:26 | baoquanghuy1605 · wall_segment Stone Wall x1 |
| 16:33 | Wyodaniel · wall_segment Palisade Wall x1 |
| 18:23 | baoquanghuy1605 · wall_segment Palisade Wall x1 |
| 18:24 | baoquanghuy1605 · wall_segment Palisade Wall x1 |
| 18:25 | baoquanghuy1605 · wall_segment Palisade Wall x1 |
| 18:25 | baoquanghuy1605 · wall_segment Palisade Wall x1 |
| 19:07 | baoquanghuy1605 · first_market_buy 100 food |
| 20:00 | Wyodaniel · first_building Siege Workshop |
| 20:44 | Wyodaniel · first_market_buy 100 wood |
| 23:10 | baoquanghuy1605 · age_up castle |
| 23:20 | baoquanghuy1605 · wall_segment Stone Wall x1 |
| 23:22 | baoquanghuy1605 · wall_segment Stone Wall x1 |
| 23:28 | baoquanghuy1605 · wall_segment Stone Wall x1 |
| 23:29 | baoquanghuy1605 · wall_segment Stone Wall x1 |
| 25:16 | baoquanghuy1605 · resign |
[ ANÁLISIS IA · 1 CRÉDITO ]
¿Qué pasó realmente en esta partida?
Wolo.gg analiza cada decisión: build order, eco, micro, errores típicos por bracket. Análisis personalizado por WhatsApp o Discord en 30 segundos.
Guía civ
Hunos
Perfil
Jugador #24357949